 Dungeon Crawl Stone Soup version 0.19.1 (webtiles) character file.

224 ImaNewbie the Spear-Bearer (level 6, -24/47 HPs)
             Began as a Merfolk Berserker on Dec 10, 2016.
             Was a Believer of Trog.
             Killed from afar by a hound (43 damage)
             ... with an exploding inner flame
             ... hexed by the player character
             ... on level 4 of the Dungeon.
             The game lasted 00:07:44 (3641 turns).

ImaNewbie the Spear-Bearer (Merfolk Berserker)      Turns: 3641, Time: 00:07:47

Health: -24/47     AC:  4    Str: 17    XL:     6   Next: 0%
Magic:  6/6        EV: 16    Int:  7    God:    Trog [**....]
Gold:   179        SH:  0    Dex: 15    Spells: 0 memorised, 5 levels left

rFire  . . .     SeeInvis .     a - +1 spear
rCold  . . .     Gourm    .     b - +0 animal skin
rNeg   . . .     Faith    .     (no shield)
rPois  .         Spirit   .     (no helmet)
rElec  .         Reflect  .     (no cloak)
rCorr  .         Harm     .     g - +1 pair of gloves
MR     .....                    (boots currently unavailable)
Stlth  +.........               (no amulet)
                                (no ring)
                                m - ring of loudness

@: very quick
A: change form in water, swift swim, stealthy swim
a: Berserk, Trog's Hand, Burn Spellbooks, Renounce Religion


You were on level 4 of the Dungeon.
You worshipped Trog.
Trog was pleased with you.
You were hungry.

You visited 1 branch of the dungeon, and saw 4 of its levels.

You collected 179 gold pieces.

Inventory:

Hand Weapons
 a - a +1 spear (weapon)
Missiles
 t - 9 poisoned needles
Armour
 b - a +0 animal skin (worn)
 g - a +1 pair of gloves (worn)
Jewellery
 m - a ring of loudness (left hand)
Scrolls
 e - 2 scrolls of identify
 k - 2 scrolls of remove curse
 l - a scroll of noise
Potions
 f - a potion of mutation {unknown}
 h - a potion of invisibility {unknown}
 i - a potion of lignification {unknown}
 j - 3 potions of flight
 n - a potion of curing
 o - a potion of degeneration {unknown}
 r - a potion of heal wounds {unknown}
 u - a potion of resistance {unknown}
 B - a potion of ambrosia {unknown}
Comestibles
 c - a bread ration
 q - a royal jelly
 v - a fruit
 w - a slice of pizza
 A - a meat ration


   Skills:
 - Level 3.2 Fighting
 + Level 9.3 Polearms
 - Level 1.3 Armour
 - Level 2.6 Dodging


You had 5 spell levels left.
You didn't know any spells.

Dungeon Overview and Level Annotations

Branches:
Dungeon (4/15)
 Temple: D:4-7

Altars:
Nemelex Xobeh
Qazlal
Zin

Annotations:
D:4 Pikel


Message History

It was a potion of curing.
You feel better. The hound misses you.
Unknown command.
Okay, then.
Unknown command.
Unknown command.
You hit the hound but do no damage.
The hound is almost dead.
The hound barely misses you.
You hit the hound.
The hound explodes!
Trog accepts your kill.
You have reached level 6!
Your experience leads to an increase in your attributes!
Increase (S)trength, (I)ntelligence, or (D)exterity?
You feel agile.
You feel a bit more experienced.
The fiery explosion engulfs the slave.
The slave is severely wounded.
The fiery explosion engulfs you!
Ouch! That really hurt!
You die...

####### #S..SK##
###p###..# #
#≈#'#@##.# ..
#_.p§§##.###.###
#######..p......
#........Kp.....
#.............$.
#.......p.....#.
##......#.....#
#......#.....#
#......#$......


You could see a slave (inner flame).

Vanquished Creatures
  An iguana (D:4)
  A worker ant (D:3)
  A hound skeleton (D:4)
  4 gnolls
  4 adders
  An ooze (D:3)
  2 worms
  2 dart slugs
  3 leopard geckos
  2 orcs (D:3)
  5 bats
  2 giant cockroaches
  12 goblins
  8 hobgoblins
  4 jackals (D:3)
  6 kobolds
  A quokka (D:2)
  A ball python (D:1)
  A ball python zombie (D:3)
  5 frilled lizards
  6 rats
72 creatures vanquished.

Notes
Turn   | Place    | Note
-------+----------+-------------------------------------------
     0 | D:1      | ImaNewbie the Merfolk Berserker began the quest for the Orb.
     0 | D:1      | Reached XP level 1. HP: 18/18 MP: 1/1
   124 | D:1      | Reached skill level 5 in Polearms
   124 | D:1      | Reached XP level 2. HP: 17/24 MP: 2/2
   829 | D:2      | Reached skill level 6 in Polearms
   829 | D:2      | Reached XP level 3. HP: 29/29 MP: 3/3
   888 | D:2      | Found a stormy altar of Qazlal.
  1414 | D:2      | Reached ** piety under Trog
  1536 | D:2      | Reached XP level 4. HP: 19/35 MP: 4/4
  1718 | D:3      | Reached skill level 7 in Polearms
  2224 | D:3      | Reached skill level 8 in Polearms
  2247 | D:3      | Reached XP level 5. HP: 35/41 MP: 5/5
  3314 | D:4      | Reached skill level 9 in Polearms
  3592 | D:4      | Noticed Pikel
  3592 | D:4      | Noticed a slave
  3592 | D:4      | Noticed a slave
  3592 | D:4      | Noticed a slave
  3593 | D:4      | Noticed a slave
  3604 | D:4      | Found a glowing silver altar of Zin.
  3604 | D:4      | Found a sparkling altar of Nemelex Xobeh.
  3641 | D:4      | Reached XP level 6. HP: 19/47 MP: 6/6
  3641 | D:4      | Killed from afar by a hound

Skill      XL: |  1  2  3  4  5 |
---------------+----------------+-----
Polearms       | 5 6 8 9 |  9.3
Fighting       | |  3.2
Armour         | |  1.3
Dodging        | |  2.6

Action                   |  1- 3 |  4- 6 || total
-------------------------+-------+-------++-------
Melee: Spear             |   130 |   172 ||   302
       Tailslap          |       |     1 ||     1
Invok: Berserk           |       |     2 ||     2
       Trog's Hand       |       |     1 ||     1
  Use: Scroll            |       |     9 ||     9
       Potion            |       |     1 ||     1
  Eat: Chunk             |     2 |     8 ||    10
Armor: Animal skin       |    10 |    19 ||    29
Dodge: Dodged            |    53 |    99 ||   152
